 Dungeon Crawl Stone Soup version 0.29.0-13-gc9e81de378 (webtiles) character file.

Game seed: 15524736741875292826

13657 sentinel the Cleaver (level 11, -4/100 HPs)
             Began as a Minotaur Fighter on Sept 8, 2022.
             Was a High Priest of Okawaru.
             Slain by a 12-headed hydra (9 damage)
             ... on level 10 of the Dungeon.
             The game lasted 00:08:45 (9557 turns).

sentinel the Cleaver (Minotaur Fighter)             Turns: 9557, Time: 00:08:46

Health: -4/100     AC: 19    Str: 32    XL:     11   Next: 78%
Magic:  15/15      EV:  8    Int:  5    God:    Okawaru [*****.]
Gold:   1936       SH:  6    Dex:  9    Spells: 10/10 levels left

rFire   . . .      SeeInvis .   B - +1 war axe (distort)
rCold   . . .      Faith    .   c - +0 buckler
rNeg    + + .      Spirit   .   m - +0 plate armour
rPois   .          Reflect  .   o - +2 hat of Quiescent Salvation {*Corrode +Inv rN++ Will+}
rElec   .          Harm     .   (no cloak)
rCorr   .          Rampage  .   y - +0 pair of gloves
Will    +....                   z - +0 pair of boots
Stlth   ..........              e - amulet of regeneration
HPRegen 1.06/turn               k - +6 ring of strength
MPRegen 0.14/turn               p - +4 ring of protection

@: corroded
A: horns 2, retaliatory headbutt
a: Renounce Religion, Evoke Invisibility, Heroism, Finesse, Duel


You were on level 10 of the Dungeon.
You worshipped Okawaru.
Okawaru was extremely pleased with you.
You visited 1 branch of the dungeon, and saw 10 of its levels.
You also visited: Bailey.

You collected 1936 gold pieces.

Inventory:

Hand Weapons
 a - a +1 war axe
 f - a +1 halberd of distortion
 B - a +1 war axe of distortion (weapon)
 K - a +0 broad axe
Missiles
 C - 5 javelins (quivered)
Armour
 b - a +0 scale mail
 c - a +0 buckler (worn)
 l - a +0 chain mail
 m - a +0 plate armour (worn)
 o - the +2 hat of Quiescent Salvation (worn) {*Corrode +Inv rN++ Will+}
   (You acquired it in a bailey)

   rN:        It greatly protects you from negative energy.
   +Inv:      It lets you turn invisible.
   *Corrode:  It may corrode you when you take damage.
   Will:      It increases your willpower.
 y - a +0 pair of gloves (worn)
 z - a +0 pair of boots (worn)
Jewellery
 e - an amulet of regeneration (around neck)
 i - a ring of see invisible
 k - a +6 ring of strength (left hand)
 p - a +4 ring of protection (right hand)
 v - a +4 ring of evasion
Wands
 A - a wand of acid (2)
Scrolls
 h - a scroll of enchant weapon
 n - 3 scrolls of poison
 r - 6 scrolls of identify
 t - 4 scrolls of teleportation
 u - a scroll of magic mapping
 G - a scroll of blinking {unknown}
 H - a scroll of enchant armour {unknown}
 I - a scroll of fear {unknown}
Potions
 d - a potion of might
 g - 2 potions of attraction {unknown}
 j - a potion of flight {unknown}
 q - 4 potions of curing
 s - 4 potions of ambrosia
 w - 2 potions of heal wounds
 x - 5 potions of haste {unknown}
 D - a potion of lignification {unknown}
 E - a potion of degeneration {unknown}
 F - a potion of resistance {unknown}
 J - a potion of experience {unknown}
 M - 2 potions of mutation
Miscellaneous
 U - a phial of floods


   Skills:
 + Level 10.3 Fighting
 * Level 13.6 Axes
 + Level 10.2 Armour
 + Level 10.2 Shields
 + Level 7.1 Invocations


You had 10 spell levels left.
You didn't know any spells.
Your spell library contained the following spells:

 Spells                   Type           Power      Damage    Failure   Level
 Apportation              Tloc           0%         N/A       99%         1
 Magic Dart               Conj           0%         1d3       99%         1
 Necrotise                Necr           0%         1d4       99%         1
 Scorch                   Fire           0%         2d5       99%         2
 Searing Ray              Conj           0%         2d4       99%         2
 Mephitic Cloud           Conj/Pois/Air  0%         N/A       100%        3
 Flame Wave               Conj/Fire      0%         2d4       100%        4
 Fulminant Prism          Conj/Hex       0%         3d6       100%        4
 Summon Small Mammal      Summ           Unusable   N/A       N/A         1
 Call Imp                 Summ           Unusable   N/A       N/A         2
 Summon Cactus Giant      Summ           Unusable   N/A       N/A         6

Dungeon Overview and Level Annotations

Branches:
Dungeon (10/15) Zot: 26770  Temple (0/1) D:6             Orc (0/2) D:9
 Bailey (visited)
   Lair: D:8-11

Altars:
Dithmenos
Fedhas
Kikubaaqudgha
Makhleb
Okawaru
Wu Jian
Zin
The Shining One

Shops:
D:8 :


Innate Abilities, Weirdness & Mutations

You have a pair of horns on your head.
You reflexively headbutt those who attack you in melee.


Message History

You block the yak's attack.
You slice the yak!!
You kill the yak!
Okawaru accepts your kill.
You slice the yak!!
Space warps around the yak!
You headbutt the yak!
You kill the yak!
Okawaru accepts your kill. The yak gores you but does no damage.
You slice the yak!!
The yak is severely wounded.
The yak blinks!
The yak gores you but does no damage.
You hit the yak but do no damage. Your headbutt misses the yak.
The yak is almost dead.
The yak blinks!
You see here 15 gold pieces.
The yak gores you!
You barely miss the yak.
The yak is severely wounded.
The yak gores you but does no damage.
You slash the yak!
You kill the yak!
Okawaru accepts your kill.
You slice the yak!!
You kill the yak!
Okawaru accepts your kill.
No target in view!
No target in view!
No target in view!
No target in view!
HP restored.
You now have 1936 gold pieces (gained 15).
You feel like a meek peon again.
You see here a yak corpse.
There is a stone staircase leading down here.
You see here a yak corpse.
A four-headed hydra comes into view.
The four-headed hydra roars!
But you're not safe! But you're not safe! But you're not safe!
The four-headed hydra bites you but does no damage.
The four-headed hydra barely misses you.
The four-headed hydra bites you. x2
You lop one of the four-headed hydra's heads off!
The three-headed hydra grows two more!
You slice the five-headed hydra!!
The five-headed hydra is moderately wounded.
The five-headed hydra blinks!
You hit the five-headed hydra but do no damage.
You headbutt the five-headed hydra.
The five-headed hydra is moderately wounded.
The five-headed hydra blinks!
The five-headed hydra bites you.
The five-headed hydra closely misses you.
The five-headed hydra bites you but does no damage. x2
The five-headed hydra barely misses you.
You lop one of the five-headed hydra's heads off!
The four-headed hydra grows two more!
You hit the six-headed hydra.
Space warps around the six-headed hydra.
You headbutt the six-headed hydra.
The six-headed hydra is moderately wounded.
The six-headed hydra completely misses you.
The six-headed hydra bites you but does no damage.
You block the six-headed hydra's attack.
The six-headed hydra barely misses you. The six-headed hydra bites you!
The six-headed hydra barely misses you.
You lop one of the six-headed hydra's heads off!
The five-headed hydra grows two more!
You slash the seven-headed hydra!
The seven-headed hydra is lightly wounded.
The seven-headed hydra blinks!
The seven-headed hydra bites you but does no damage. x2
The seven-headed hydra closely misses you. x2
The seven-headed hydra bites you but does no damage. x3
You hack one of the seven-headed hydra's heads off!
The six-headed hydra grows two more!
You hit the eight-headed hydra.
Space warps horribly around the eight-headed hydra!
The eight-headed hydra is moderately wounded.
The eight-headed hydra bites you but does no damage.
The eight-headed hydra barely misses you. x2
You block the eight-headed hydra's attack.
The eight-headed hydra bites you.
Your corrosive artefact corrodes you!
The eight-headed hydra bites you but does no damage.
The eight-headed hydra bites you. The eight-headed hydra bites you!
You barely miss the eight-headed hydra.
The eight-headed hydra is moderately wounded.
The eight-headed hydra bites you but does no damage. x2
The eight-headed hydra bites you. x2
The eight-headed hydra bites you but does no damage. x2
The eight-headed hydra bites you!
The eight-headed hydra completely misses you.
You slice one of the eight-headed hydra's heads off!
The seven-headed hydra grows two more!
You slash the nine-headed hydra!
The nine-headed hydra is lightly wounded.
You lop one of the nine-headed hydra's heads off!
The eight-headed hydra grows two more!
You slice the ten-headed hydra!!
You headbutt the ten-headed hydra, but do no damage.
The ten-headed hydra is moderately wounded.
The ten-headed hydra blinks!
The ten-headed hydra bites you.
The ten-headed hydra bites you but does no damage. x4
The ten-headed hydra bites you! The ten-headed hydra bites you. x2
You block the ten-headed hydra's attack.
The ten-headed hydra bites you but does no damage.
You lop one of the ten-headed hydra's heads off!
The nine-headed hydra grows two more!
You hit the 11-headed hydra.
Space warps horribly around the 11-headed hydra!
The 11-headed hydra is heavily wounded.
You block the 11-headed hydra's attack. The 11-headed hydra bites you! x2
* * * LOW HITPOINT WARNING * * *
The 11-headed hydra bites you.
* * * LOW HITPOINT WARNING * * *
You block the 11-headed hydra's attack. The 11-headed hydra barely misses you.
The 11-headed hydra bites you!
* * * LOW HITPOINT WARNING * * *
The 11-headed hydra bites you but does no damage. x2
The 11-headed hydra barely misses you. The 11-headed hydra bites you.
* * * LOW HITPOINT WARNING * * *
HP warning!
You are too injured to fight recklessly!
You are too injured to fight recklessly!
You are too injured to fight recklessly!
You are too injured to fight recklessly!
You are too injured to fight recklessly!
You are too injured to fight recklessly!
You are too injured to fight recklessly!
You are too injured to fight recklessly!
You are too injured to fight recklessly!
You are too injured to fight recklessly!
Okay, then.
You lop one of the 11-headed hydra's heads off!
The ten-headed hydra grows two more!
You slash the 12-headed hydra!
Space warps around the 12-headed hydra.
The 12-headed hydra is heavily wounded.
You block the 12-headed hydra's attack.
The 12-headed hydra bites you but does no damage. x4
You block the 12-headed hydra's attack. x2
The 12-headed hydra bites you but does no damage.
The 12-headed hydra bites you.
* * * LOW HITPOINT WARNING * * *
The 12-headed hydra bites you!
* * * LOW HITPOINT WARNING * * *
The 12-headed hydra bites you but does no damage.
The 12-headed hydra barely misses you.
HP warning!
You hit the 12-headed hydra.
Space warps around the 12-headed hydra.
The 12-headed hydra is heavily wounded.
The 12-headed hydra bites you.
* * * LOW HITPOINT WARNING * * *
The 12-headed hydra bites you!
You die...

#####
#.#.##############
######.#.......@D......
#......#.##############
#.####.#.# ##.#
#.#.########## ...#
#.#.#......... ####
#.#.#.########
#.#.#........#
##.#.#.#####.##
+....†...>...#


You could see a 12-headed hydra.

Vanquished Creatures
  An orc warlord (Bailey)
  A boulder beetle (D:9)
  A two-headed ogre (D:9)
  2 orc knights (Bailey)
  2 cyclopes (D:9)
  An ice statue (D:9)
  2 trolls (D:9)
  A queen bee (D:9)
  2 hornets (D:9)
  Eustachio (D:6)
  11 yaks
  Edmund (D:4)
  2 acid dragons (D:9)
  2 black bears
  2 water moccasins
  16 orc warriors
  An ice beast (D:6)
  4 ogres
  5 centaurs
  A phantom (D:6)
  3 bullfrogs
  2 kobold brigands
  5 scorpions
  3 wights
  35 killer bees
  4 howler monkeys
  3 hounds
  2 jellies
  10 orc priests
  Jessica (D:2)
  18 orc wizards
  Ijyb (D:4)
  2 iguanas
  A mummy (D:5)
  6 gnolls (Bailey)
  6 adders
  2 shadow imps (D:6)
  2 white imps
  An ufetubus (D:5)
  A worm (D:2)
  4 dart slugs
  51 orcs
  3 bats
  7 endoplasms
  3 giant cockroaches
  15 goblins
  14 hobgoblins
  15 kobolds
  6 quokkas
  8 ball pythons
  2 frilled lizards
  A kobold zombie (D:5)
  An orc zombie (D:5)
  A rat (D:3)
298 creatures vanquished.

Notes
Turn   | Place    | Note
-------+----------+-------------------------------------------
     0 | D:1      | sentinel the Minotaur Fighter began the quest for the Orb.
     0 | D:1      | Reached XP level 1. HP: 19/19 MP: 0/0
    74 | D:1      | Found a faded altar of an unknown god.
   370 | D:1      | Reached XP level 2. HP: 27/27 MP: 1/1
   467 | D:1      | Reached skill level 3 in Axes
   993 | D:2      | Reached XP level 3. HP: 32/33 MP: 2/2
  1199 | D:2      | Noticed Jessica
  1203 | D:2      | Killed Jessica
  1204 | D:2      | Reached XP level 4. HP: 40/40 MP: 3/3
  1495 | D:3      | Reached skill level 4 in Axes
  2252 | D:4      | Noticed Edmund
  2257 | D:4      | Reached XP level 5. HP: 47/47 MP: 4/4
  2265 | D:4      | Killed Edmund
  2266 | D:4      | Reached skill level 5 in Axes
  2523 | D:4      | Reached XP level 6. HP: 55/55 MP: 5/5
  2585 | D:4      | Noticed Ijyb
  2591 | D:4      | Killed Ijyb
  2735 | D:4      | Found a glowing silver altar of Zin.
  2767 | D:4      | Reached skill level 5 in Shields
  2834 | D:4      | Reached skill level 5 in Fighting
  2936 | D:4      | Reached skill level 5 in Armour
  2965 | D:4      | Found an iron altar of Okawaru.
  2983 | D:4      | Became a worshipper of Warmaster Okawaru
  3236 | D:5      | Entered Level 5 of the Dungeon
  3290 | D:5      | Reached skill level 6 in Axes
  3325 | D:5      | Noticed a water moccasin
  3334 | D:5      | Killed a water moccasin
  3335 | D:5      | Reached skill level 1 in Invocations
  3335 | D:5      | Reached XP level 7. HP: 39/61 MP: 6/6
  3484 | D:5      | Found an ancient bone altar of Kikubaaqudgha.
  3683 | D:5      | HP: 2/61 [acid (11)]
  3685 | D:5      | Reached * piety under Okawaru
  4252 | D:5      | Reached skill level 7 in Axes
  4335 | D:5      | Found an ornate altar of the Wu Jian Council.
  4341 | D:5      | Found a shadowy altar of Dithmenos.
  4345 | D:5      | Found a glowing golden altar of the Shining One.
  4411 | D:5      | Found a blossoming altar of Fedhas.
  4553 | D:5      | Reached XP level 8. HP: 54/70 MP: 5/8
  4721 | D:5      | Identified a scroll of acquirement
  4725 | D:5      | Acquired 1177 gold pieces
  5123 | D:6      | Found a staircase to the Ecumenical Temple.
  5134 | D:6      | Reached ** piety under Okawaru
  5135 | D:6      | Reached skill level 8 in Axes
  5350 | D:6      | Noticed Eustachio
  5374 | D:6      | Killed Eustachio
  5677 | D:6      | Reached XP level 9. HP: 78/78 MP: 10/10
  5734 | D:6      | Reached skill level 9 in Axes
  5872 | D:6      | Reached *** piety under Okawaru
  6230 | D:7      | Received a gift from Okawaru
  7078 | D:8      | Found a burning altar of Makhleb.
  7155 | D:8      | Found Ossot's Book Shop.
  7263 | D:8      | Reached skill level 10 in Axes
  7517 | D:9      | Noticed a queen bee
  7590 | D:8      | Reached XP level 10. HP: 17/88 MP: 10/12
  7672 | D:9      | Reached skill level 5 in Invocations
  7793 | D:9      | Reached skill level 11 in Axes
  7999 | D:9      | Found a staircase to the Orcish Mines.
  8120 | D:9      | Reached **** piety under Okawaru
  8367 | D:9      | Noticed an ice statue
  8370 | D:9      | Noticed a two-headed ogre
  8382 | D:9      | Killed a two-headed ogre
  8383 | D:9      | Reached skill level 12 in Axes
  8387 | D:9      | Killed an ice statue
  8387 | D:9      | Reached ***** piety under Okawaru
  8407 | D:9      | Paralysed by a hornet for 2 turns
  8409 | D:9      | HP: 4/91 [poisoned by a hornet]
  8410 | D:9      | Reached XP level 11. HP: 4/97 MP: 10/14
  8498 | D:9      | Noticed a boulder beetle
  8517 | D:9      | Killed a boulder beetle
  8854 | D:10     | Entered Level 10 of the Dungeon
  8867 | D:10     | Found a flagged portal.
  8894 | Bailey   | Entered a bailey
  8940 | Bailey   | Noticed an orc knight
  8958 | Bailey   | Identified the +1 robe of Serrael {rElec rPois Will-
                  | Regen+} (Okawaru gifted it to you in a bailey)
  8958 | Bailey   | Received a gift from Okawaru
  8970 | Bailey   | Killed an orc knight
  8971 | Bailey   | Reached skill level 13 in Axes
  9039 | Bailey   | Noticed an orc knight
  9044 | Bailey   | Killed an orc knight
  9198 | Bailey   | Noticed an orc warlord
  9205 | Bailey   | Killed an orc warlord
  9206 | Bailey   | Reached skill level 10 in Fighting
  9206 | Bailey   | Reached skill level 10 in Armour
  9206 | Bailey   | Reached skill level 10 in Shields
  9312 | Bailey   | Identified the +5 short sword of Yeast {vorpal, *Noise MP+9
                  | Str+7}
  9327 | Bailey   | Identified the +6 scale mail of Meebb {+Blink SInv}
  9328 | Bailey   | Acquired the +2 hat of Quiescent Salvation {*Corrode +Inv
                  | rN++ Will+}
  9537 | D:10     | Noticed a four-headed hydra
  9557 | D:10     | HP: 5/100 [12-headed hydra (3)]
  9557 | D:10     | Slain by a 12-headed hydra

Illustrated notes

Levels and vault maps discovered:
D:1:      dpeg_arrival_tiny_c, layout_basic,
          hellmonk_ecumenical_altar_pennies_from_heaven, wad_floor_pattern_2,
          minmay_nonomino_d4
D:2:      layout_basic, kennysheep_jessica_study
D:3:      layout_rooms, grunt_decor_fettered
D:4:      layout_basic, zin_statuary, okawaru_trees_1, uniq_edmund, uniq_ijyb
D:5:      minmay_chambers_of_fours, layout_basic, amcnicky_altar_gilded,
          kennysheep_little_box, minmay_overflow_temple_star_quad,
          nicolae_ossuary_entry_giza, grunt_ministairs_1
D:6:      layout_basic, minmay_temple_entry_glass, uniq_eustachio
D:7:      layout_basic
D:8:      layout_basic, mainiacjoe_overflow_paths, serial_shops,
          nicolae_shop_crystal, minmay_fractal_squares_gapless_5
D:9:      layout_roguey, minmay_orc_entry_temple_small, special_room
          [special_room_bee], nzn_random_ring
D:10:     cheibrodos_wizards_tower, layout_basic, lair_entry_dummy,
          enter_bailey_2, uniq_maggie

Skill      XL: |  1  2  3  4  5  6  7  8  9 10 11 |
---------------+----------------------------------+-----
Axes           | 3 4 5 6 7 8 10 12 13 | 13.6
Fighting       | 4 5 6 8 9 10 | 10.3
Armour         | 4 5 6 8 9 10 | 10.2
Shields        | 4 5 6 8 9 10 | 10.2
Invocations    | 1 2 3 4 6 7 |  7.1

Action                   |  1- 3 |  4- 6 |  7- 9 | 10-12 || total
-------------------------+-------+-------+-------+-------++-------
Melee: War axe           |    60 |    95 |   247 |   291 ||   693
       Headbutt          |     7 |     6 |    36 |    54 ||   103
Throw: Javelin           |       |       |       |     2 ||     2
Invok: Heroism           |       |       |    11 |    20 ||    31
       Finesse           |       |       |       |     3 ||     3
Evoke: Wand              |       |       |     4 |    13 ||    17
  Use: Potion            |       |     1 |     2 |     3 ||     6
       Scroll            |       |       |    11 |     2 ||    13
Armor: Scale mail        |    26 |    34 |       |       ||    60
       Chain mail        |       |    38 |    22 |       ||    60
       Plate armour      |       |       |   121 |   155 ||   276
Dodge: Dodged            |    23 |    46 |    88 |   101 ||   258
Block: Buckler           |    13 |    25 |    76 |    79 ||   193
